[ PARTIDA AOE2 · #465639012 ]
UnrankedArmenios vs Bohemians
[ ANÁLISIS DE REPETICIÓN · EXTRAÍDO DE LA PARTIDA GRABADA ]
Feudal
9:13
Castillos
22:13
Imperial
35:48
| APM promedio | 43.3 |
| APM pico | 80 |
| eAPM promedio | 20.7 |
| Aldeanos / militares | 96 / 112 |
Foco
⚔️ 36.2% · 🌾 63.8%
Archer ×89 · Composite Bowman ×18 · Trebuchet (Packed) ×3 · Battering Ram ×1 · Warrior Priest ×1
Feudal
9:59
Castillos
22:04
Imperial
—
| APM promedio | 34.6 |
| APM pico | 65 |
| eAPM promedio | 16.7 |
| Aldeanos / militares | 103 / 151 |
Foco
⚔️ 48.2% · 🌾 51.8%
Archer ×148 · Hussite Wagon ×3
Feudal
8:29
Castillos
19:52
Imperial
—
| APM promedio | 56.6 |
| APM pico | 121 |
| eAPM promedio | 24.6 |
| Aldeanos / militares | 152 / 98 |
Foco
⚔️ 37.9% · 🌾 62.1%
Knight ×92 · Scout Cavalry ×6
Feudal
—
Castillos
—
Imperial
—
| APM promedio | 70.7 |
| APM pico | 126 |
| eAPM promedio | 27.0 |
| Aldeanos / militares | 100 / 63 |
Foco
⚔️ 26.8% · 🌾 73.2%
Knight ×34 · Scout Cavalry ×27 · Spearman ×2
Feudal
9:18
Castillos
24:46
Imperial
—
| APM promedio | 43.2 |
| APM pico | 76 |
| eAPM promedio | 24.6 |
| Aldeanos / militares | 117 / 115 |
Foco
⚔️ 40.4% · 🌾 59.6%
Archer ×115
Feudal
11:34
Castillos
17:47
Imperial
39:56
| APM promedio | 76.2 |
| APM pico | 134 |
| eAPM promedio | 44.5 |
| Aldeanos / militares | 120 / 0 |
Foco
⚔️ 66.8% · 🌾 33.2%
Unknown (1952) ×91
Feudal
10:22
Castillos
22:00
Imperial
38:16
| APM promedio | 29.5 |
| APM pico | 56 |
| eAPM promedio | 15.2 |
| Aldeanos / militares | 116 / 81 |
Foco
⚔️ 28.2% · 🌾 71.8%
Karambit Warrior ×49 · Spearman ×22 · Battering Ram ×9 · Mangonel ×1
Feudal
8:35
Castillos
22:57
Imperial
36:09
| APM promedio | 54.6 |
| APM pico | 88 |
| eAPM promedio | 31.0 |
| Aldeanos / militares | 129 / 120 |
Foco
⚔️ 48.9% · 🌾 51.1%
Knight ×95 · Scout Cavalry ×25
Mapa de la partida
Recursos iniciales + cada clic de construcción. Líneas = muros · curvas = relieve. ◆ oro · ⬟ piedra · ● bayas · ✦ reliquia · ◌ hueco del cierre
Tu base· Abierta — hueco de 4t
Base de Malamadre· Abierta — hueco de 12t
Base de CR | Harahgon· Abierta — hueco de 5t
Base de virttuallG· Abierta — hueco de 8t
Base de Spank~· Abierta — hueco de 4t
Base de DS_John III· Abierta — flanco sin cerrar
Base de Wuyen· Abierta — hueco de 6t
Base de CR | Redmus· Abierta — hueco de 8t
Terreno inicial suavizado · ◌ = hueco del cierre detectado · pasá el cursor para detalles
Inputs por minuto
— jonas. - - Malamadre
Build order — jonas.
Primeras 150 de 323 acciones detectadas
| 0:01 | Crear | Villager (Male) |
| 0:03 | Construir | House |
| 0:04 | Construir | House |
| 0:09 | Crear | Villager (Male) |
| 0:10 | Crear | Villager (Male) |
| 0:25 | Crear | Villager (Male) |
| 0:25 | Crear | Villager (Male) |
| 1:28 | Crear | Villager (Male) |
| 1:29 | Crear | Villager (Male) |
| 1:44 | Construir | Mule Cart |
| 2:03 | Crear | Villager (Male) |
| 2:03 | Crear | Villager (Male) |
| 2:26 | Crear | Villager (Male) |
| 2:26 | Crear | Villager (Male) |
| 2:59 | Crear | Villager (Male) |
| 3:21 | Construir | House |
| 3:26 | Crear | Villager (Male) |
| 3:26 | Crear | Villager (Male) |
| 3:27 | Crear | Villager (Male) |
| 3:58 | Crear | Villager (Male) |
| 3:58 | Crear | Villager (Male) |
| 4:13 | Crear | Villager (Male) |
| 4:31 | Crear | Villager (Male) |
| 4:32 | Crear | Villager (Male) |
| 5:34 | Construir | Mule Cart |
| 5:41 | Construir | Mill |
| 5:47 | Crear | Villager (Male) |
| 6:03 | Crear | Villager (Male) |
| 6:05 | Investigar | Loom |
| 7:03 | Investigar | Feudal Age |
| 7:04 | Investigar | Feudal Age |
| 7:12 | Construir | Mule Cart |
| 7:20 | Crear | Villager (Male) |
| 7:31 | Construir | Barracks |
| 7:33 | Construir | House |
| 7:54 | Crear | Villager (Male) |
| 8:19 | Construir | Palisade Wall |
| 8:20 | Construir | Palisade Wall |
| 8:25 | Construir | House |
| 8:26 | Construir | Palisade Wall |
| 8:27 | Construir | Palisade Wall |
| 8:32 | Construir | Palisade Gate |
| 9:13 | Edad | Edad Feudal |
| 9:15 | Construir | Archery Range |
| 9:17 | Investigar | Double-Bit Axe |
| 9:22 | Crear | Villager (Male) |
| 10:08 | Crear | Archer |
| 10:17 | Construir | Archery Range |
| 10:25 | Construir | House |
| 10:27 | Crear | Villager (Male) |
| 10:27 | Crear | Villager (Male) |
| 11:12 | Construir | Blacksmith |
| 11:14 | Crear | Villager (Male) |
| 11:20 | Crear | Archer |
| 11:23 | Crear | Villager (Male) |
| 11:32 | Crear | Villager (Male) |
| 11:38 | Crear | Archer |
| 11:38 | Crear | Archer |
| 11:38 | Crear | Archer |
| 11:49 | Crear | Archer |
| 12:10 | Investigar | Fletching |
| 12:18 | Construir | House |
| 12:25 | Construir | Farm |
| 12:28 | Crear | Villager (Male) |
| 12:41 | Crear | Archer |
| 12:56 | Construir | Farm |
| 12:58 | Construir | Farm |
| 13:02 | Construir | Farm |
| 13:04 | Crear | Villager (Male) |
| 13:20 | Crear | Archer |
| 13:28 | Crear | Villager (Male) |
| 13:29 | Crear | Archer |
| 13:29 | Crear | Archer |
| 13:35 | Construir | Farm |
| 14:06 | Crear | Archer |
| 14:06 | Crear | Archer |
| 14:07 | Crear | Archer |
| 14:07 | Crear | Archer |
| 14:30 | Crear | Villager (Male) |
| 14:33 | Construir | Farm |
| 14:34 | Construir | Farm |
| 14:36 | Construir | Farm |
| 14:37 | Construir | Farm |
| 14:53 | Crear | Archer |
| 14:53 | Crear | Archer |
| 14:54 | Crear | Archer |
| 14:57 | Crear | Villager (Male) |
| 15:02 | Construir | Farm |
| 15:37 | Crear | Villager (Male) |
| 15:40 | Construir | Farm |
| 15:45 | Construir | Farm |
| 15:47 | Construir | Farm |
| 15:59 | Construir | House |
| 16:05 | Crear | Villager (Male) |
| 16:37 | Crear | Archer |
| 16:37 | Crear | Archer |
| 16:37 | Crear | Archer |
| 16:37 | Crear | Archer |
| 16:38 | Crear | Villager (Male) |
| 16:45 | Construir | House |
| 17:11 | Crear | Villager (Male) |
| 17:14 | Construir | Mule Cart |
| 17:45 | Construir | Market |
| 17:46 | Crear | Villager (Male) |
| 17:48 | Investigar | Town Watch |
| 18:06 | Crear | Archer |
| 18:06 | Crear | Archer |
| 18:07 | Crear | Archer |
| 18:08 | Crear | Villager (Male) |
| 19:33 | Investigar | Castle Age |
| 19:59 | Crear | Archer |
| 20:00 | Crear | Archer |
| 20:02 | Investigar | Gold Mining |
| 20:07 | Construir | Archery Range |
| 20:40 | Investigar | Padded Archer Armor |
| 20:57 | Crear | Villager (Male) |
| 21:51 | Construir | House |
| 21:55 | Construir | Farm |
| 21:57 | Crear | Villager (Male) |
| 22:13 | Edad | Edad de los Castillos |
| 22:17 | Construir | Castle |
| 22:21 | Investigar | Bodkin Arrow |
| 22:22 | Investigar | Crossbowman (upgrade) |
| 22:23 | Crear | Archer |
| 22:23 | Crear | Archer |
| 22:24 | Crear | Archer |
| 22:35 | Construir | Castle |
| 22:47 | Crear | Archer |
| 22:47 | Crear | Archer |
| 22:59 | Construir | Market |
| 23:14 | Construir | Farm |
| 23:14 | Construir | Farm |
| 23:15 | Construir | Farm |
| 23:15 | Crear | Villager (Male) |
| 23:16 | Crear | Villager (Male) |
| 23:16 | Crear | Villager (Male) |
| 23:18 | Crear | Archer |
| 23:18 | Crear | Archer |
| 23:34 | Construir | Mule Cart |
| 23:39 | Construir | Farm |
| 23:59 | Construir | Farm |
| 23:59 | Construir | Farm |
| 24:00 | Construir | Farm |
| 24:06 | Crear | Villager (Male) |
| 24:09 | Crear | Composite Bowman |
| 24:09 | Crear | Composite Bowman |
| 24:09 | Crear | Composite Bowman |
| 24:19 | Crear | Villager (Male) |
| 24:23 | Crear | Archer |
| 24:23 | Crear | Archer |
Build order — Malamadre
Primeras 150 de 356 acciones detectadas
| 0:02 | Crear | Villager (Male) |
| 0:03 | Construir | House |
| 0:07 | Construir | House |
| 0:08 | Crear | Villager (Male) |
| 0:09 | Crear | Villager (Male) |
| 0:09 | Crear | Villager (Male) |
| 1:28 | Crear | Villager (Male) |
| 2:08 | Crear | Villager (Male) |
| 2:18 | Crear | Villager (Male) |
| 2:33 | Construir | Lumber Camp |
| 2:52 | Crear | Villager (Male) |
| 3:09 | Crear | Villager (Male) |
| 3:37 | Crear | Villager (Male) |
| 4:07 | Crear | Villager (Male) |
| 4:38 | Construir | House |
| 4:40 | Investigar | Loom |
| 4:40 | Investigar | Loom |
| 4:55 | Crear | Villager (Male) |
| 5:09 | Crear | Villager (Male) |
| 5:33 | Crear | Villager (Male) |
| 5:42 | Crear | Villager (Male) |
| 5:55 | Crear | Villager (Male) |
| 6:54 | Construir | House |
| 7:21 | Crear | Villager (Male) |
| 7:25 | Construir | Mining Camp |
| 7:49 | Investigar | Feudal Age |
| 8:17 | Construir | Lumber Camp |
| 9:18 | Construir | Barracks |
| 9:27 | Construir | Palisade Wall |
| 9:42 | Construir | Palisade Wall |
| 9:47 | Construir | Palisade Wall |
| 9:51 | Construir | Palisade Wall |
| 9:54 | Construir | Palisade Wall |
| 9:59 | Edad | Edad Feudal |
| 10:03 | Construir | Palisade Gate |
| 10:04 | Crear | Villager (Male) |
| 10:18 | Construir | Archery Range |
| 10:20 | Crear | Villager (Male) |
| 10:45 | Crear | Villager (Male) |
| 10:47 | Investigar | Double-Bit Axe |
| 10:58 | Crear | Villager (Male) |
| 11:02 | Construir | House |
| 11:07 | Crear | Villager (Male) |
| 11:26 | Construir | Mill |
| 11:33 | Crear | Archer |
| 11:34 | Crear | Archer |
| 11:37 | Construir | Palisade Wall |
| 11:43 | Construir | Palisade Wall |
| 11:44 | Crear | Villager (Male) |
| 11:56 | Crear | Archer |
| 12:12 | Crear | Archer |
| 12:15 | Construir | Blacksmith |
| 12:18 | Construir | Farm |
| 12:21 | Construir | Farm |
| 12:23 | Crear | Villager (Male) |
| 12:30 | Construir | House |
| 12:37 | Construir | Watch Tower |
| 12:45 | Crear | Archer |
| 12:49 | Crear | Archer |
| 12:57 | Construir | Farm |
| 13:12 | Crear | Villager (Male) |
| 13:20 | Investigar | Fletching |
| 13:31 | Crear | Villager (Male) |
| 13:34 | Construir | Farm |
| 13:42 | Construir | Farm |
| 13:44 | Crear | Archer |
| 14:01 | Crear | Archer |
| 14:08 | Crear | Villager (Male) |
| 14:13 | Construir | Watch Tower |
| 14:26 | Construir | House |
| 14:29 | Construir | House |
| 14:47 | Crear | Archer |
| 15:16 | Crear | Archer |
| 15:24 | Crear | Villager (Male) |
| 15:27 | Construir | Farm |
| 15:31 | Construir | Farm |
| 15:48 | Crear | Villager (Male) |
| 15:57 | Crear | Archer |
| 16:11 | Crear | Villager (Male) |
| 16:22 | Crear | Archer |
| 16:38 | Construir | Farm |
| 16:52 | Crear | Villager (Male) |
| 16:54 | Construir | House |
| 17:13 | Crear | Villager (Male) |
| 17:24 | Construir | Market |
| 17:26 | Construir | House |
| 17:27 | Crear | Villager (Male) |
| 17:50 | Construir | Farm |
| 18:15 | Construir | Farm |
| 18:53 | Construir | House |
| 19:24 | Investigar | Castle Age |
| 19:29 | Construir | Archery Range |
| 19:42 | Crear | Archer |
| 20:16 | Crear | Villager (Male) |
| 20:18 | Crear | Archer |
| 20:18 | Crear | Archer |
| 20:40 | Crear | Archer |
| 20:41 | Crear | Archer |
| 20:43 | Construir | House |
| 20:44 | Construir | House |
| 20:57 | Crear | Archer |
| 20:58 | Crear | Archer |
| 21:29 | Crear | Villager (Male) |
| 21:35 | Crear | Villager (Male) |
| 21:48 | Crear | Archer |
| 21:49 | Crear | Archer |
| 22:04 | Edad | Edad de los Castillos |
| 22:07 | Investigar | Bodkin Arrow |
| 22:10 | Investigar | Crossbowman (upgrade) |
| 22:16 | Construir | University |
| 22:26 | Crear | Archer |
| 22:27 | Crear | Archer |
| 22:48 | Crear | Villager (Male) |
| 23:13 | Investigar | Chemistry |
| 23:22 | Crear | Villager (Male) |
| 23:57 | Crear | Villager (Male) |
| 24:00 | Crear | Archer |
| 24:00 | Crear | Archer |
| 24:00 | Crear | Archer |
| 24:21 | Crear | Villager (Male) |
| 24:22 | Crear | Archer |
| 24:22 | Crear | Archer |
| 24:23 | Crear | Archer |
| 24:27 | Crear | Villager (Male) |
| 24:29 | Construir | Archery Range |
| 24:32 | Crear | Archer |
| 24:33 | Crear | Archer |
| 24:42 | Construir | Lumber Camp |
| 24:50 | Crear | Archer |
| 24:50 | Crear | Archer |
| 24:54 | Crear | Villager (Male) |
| 25:05 | Investigar | Ballistics |
| 25:11 | Crear | Villager (Male) |
| 25:19 | Construir | Farm |
| 25:27 | Construir | Castle |
| 25:29 | Crear | Archer |
| 25:30 | Crear | Archer |
| 25:30 | Crear | Archer |
| 25:35 | Crear | Archer |
| 25:44 | Crear | Villager (Male) |
| 25:47 | Crear | Archer |
| 25:54 | Crear | Villager (Male) |
| 25:59 | Construir | House |
| 26:00 | Construir | House |
| 26:06 | Construir | Town Center |
| 26:08 | Construir | House |
| 26:16 | Crear | Villager (Male) |
| 26:18 | Crear | Archer |
| 26:18 | Crear | Archer |
| 26:18 | Crear | Archer |
Build order — CR | Harahgon
Primeras 150 de 347 acciones detectadas
| 0:02 | Crear | Villager (Male) ×4 |
| 0:03 | Construir | House |
| 0:04 | Construir | House |
| 1:11 | Crear | Villager (Male) |
| 1:40 | Crear | Villager (Male) |
| 1:40 | Crear | Villager (Male) |
| 1:59 | Crear | Villager (Male) |
| 1:59 | Crear | Villager (Male) |
| 2:30 | Crear | Villager (Male) |
| 2:46 | Construir | Lumber Camp |
| 2:52 | Crear | Villager (Male) |
| 2:52 | Crear | Villager (Male) |
| 3:03 | Crear | Villager (Male) |
| 3:03 | Crear | Villager (Male) |
| 3:20 | Construir | House |
| 3:26 | Crear | Villager (Male) |
| 3:26 | Crear | Villager (Male) |
| 3:39 | Crear | Villager (Male) |
| 3:40 | Crear | Villager (Male) |
| 4:33 | Crear | Villager (Male) |
| 5:14 | Construir | Mill |
| 5:23 | Crear | Villager (Male) |
| 5:43 | Investigar | Loom |
| 6:19 | Investigar | Feudal Age |
| 6:20 | Investigar | Feudal Age |
| 6:54 | Construir | House |
| 7:21 | Construir | Barracks |
| 7:24 | Construir | Palisade Wall |
| 8:29 | Edad | Edad Feudal |
| 8:41 | Crear | Villager (Male) |
| 8:42 | Construir | Stable |
| 8:59 | Crear | Villager (Male) |
| 9:25 | Crear | Scout Cavalry |
| 9:25 | Crear | Scout Cavalry |
| 9:26 | Construir | House |
| 9:40 | Crear | Villager (Male) |
| 9:40 | Crear | Villager (Male) |
| 10:07 | Construir | House |
| 10:08 | Crear | Villager (Male) |
| 10:10 | Investigar | Horse Collar |
| 10:13 | Construir | Farm |
| 10:14 | Construir | Farm |
| 10:17 | Construir | Farm |
| 10:36 | Construir | Palisade Wall |
| 10:38 | Construir | Palisade Wall |
| 10:39 | Crear | Villager (Male) |
| 10:48 | Crear | Scout Cavalry |
| 10:52 | Construir | Farm |
| 11:12 | Crear | Villager (Male) |
| 11:13 | Construir | Farm |
| 11:21 | Construir | Palisade Wall |
| 11:32 | Crear | Scout Cavalry |
| 11:36 | Construir | Farm |
| 12:00 | Crear | Villager (Male) |
| 12:05 | Construir | Farm |
| 12:16 | Crear | Scout Cavalry |
| 12:17 | Crear | Villager (Male) |
| 12:24 | Construir | Farm |
| 12:41 | Crear | Villager (Male) |
| 12:45 | Construir | Farm |
| 12:56 | Crear | Villager (Male) |
| 12:57 | Construir | Farm |
| 13:29 | Construir | Farm |
| 13:30 | Crear | Scout Cavalry |
| 13:33 | Construir | Farm |
| 13:41 | Crear | Villager (Male) |
| 13:43 | Construir | Farm |
| 13:58 | Construir | Farm |
| 14:10 | Crear | Villager (Male) |
| 14:13 | Construir | Farm |
| 14:16 | Construir | Farm |
| 14:26 | Crear | Villager (Male) |
| 14:52 | Construir | Mining Camp |
| 14:55 | Crear | Villager (Male) |
| 15:14 | Construir | House |
| 15:16 | Crear | Villager (Male) |
| 15:29 | Crear | Villager (Male) |
| 15:50 | Construir | House |
| 15:55 | Construir | Blacksmith |
| 16:03 | Crear | Villager (Male) |
| 16:08 | Construir | Palisade Gate |
| 16:09 | Construir | Palisade Wall |
| 16:11 | Construir | Palisade Wall |
| 16:12 | Construir | Palisade Wall |
| 16:47 | Crear | Villager (Male) |
| 16:57 | Construir | Stable |
| 16:59 | Construir | House |
| 17:11 | Investigar | Castle Age |
| 17:11 | Investigar | Castle Age |
| 17:42 | Investigar | Double-Bit Axe |
| 17:42 | Investigar | Double-Bit Axe |
| 18:09 | Investigar | Bloodlines |
| 18:10 | Investigar | Bloodlines |
| 18:35 | Construir | Farm |
| 18:37 | Investigar | Gold Mining |
| 18:49 | Investigar | Scale Barding Armor |
| 19:52 | Edad | Edad de los Castillos |
| 19:55 | Investigar | Chain Barding Armor |
| 19:56 | Investigar | Chain Barding Armor |
| 19:56 | Crear | Knight |
| 19:56 | Crear | Knight |
| 19:57 | Crear | Villager (Male) |
| 20:21 | Crear | Villager (Male) |
| 20:30 | Construir | Town Center |
| 20:45 | Crear | Knight |
| 20:45 | Crear | Knight |
| 20:46 | Crear | Villager (Male) |
| 20:51 | Investigar | Forging |
| 20:51 | Investigar | Forging |
| 21:14 | Crear | Knight |
| 21:14 | Crear | Knight |
| 21:16 | Crear | Villager (Male) |
| 21:16 | Crear | Villager (Male) |
| 21:29 | Crear | Knight |
| 21:30 | Crear | Knight |
| 21:45 | Crear | Villager (Male) |
| 21:45 | Crear | Villager (Male) |
| 22:00 | Investigar | Town Watch |
| 22:14 | Crear | Villager (Male) |
| 22:14 | Crear | Villager (Male) |
| 22:15 | Construir | Farm |
| 22:16 | Construir | Farm |
| 22:30 | Crear | Villager (Male) |
| 22:34 | Construir | Farm |
| 22:38 | Construir | Farm |
| 22:40 | Crear | Villager (Male) |
| 22:59 | Crear | Villager (Male) |
| 23:00 | Crear | Villager (Male) |
| 23:01 | Construir | Farm |
| 23:02 | Construir | Farm |
| 23:03 | Construir | Farm |
| 23:04 | Crear | Knight |
| 23:04 | Crear | Knight |
| 23:14 | Crear | Villager (Male) |
| 23:14 | Crear | Villager (Male) |
| 23:17 | Construir | Farm |
| 23:18 | Construir | Farm |
| 23:25 | Crear | Villager (Male) |
| 23:29 | Construir | Farm |
| 23:34 | Crear | Knight |
| 24:12 | Crear | Villager (Male) |
| 24:12 | Crear | Villager (Male) |
| 24:14 | Crear | Knight |
| 24:14 | Crear | Knight |
| 24:15 | Construir | Farm |
| 24:20 | Construir | Farm |
| 24:22 | Construir | Farm |
| 24:25 | Crear | Villager (Male) |
| 24:48 | Investigar | Husbandry |
| 24:48 | Investigar | Husbandry |
Build order — virttuallG
Primeras 150 de 273 acciones detectadas
| 0:04 | Construir | House |
| 0:06 | Construir | House |
| 0:30 | Investigar | Loom |
| 0:30 | Investigar | Loom |
| 1:08 | Crear | Villager (Male) |
| 1:48 | Crear | Villager (Male) |
| 2:01 | Crear | Villager (Male) |
| 2:46 | Crear | Villager (Male) |
| 2:46 | Crear | Villager (Male) |
| 2:49 | Construir | Lumber Camp |
| 3:21 | Crear | Villager (Male) |
| 4:13 | Crear | Villager (Male) |
| 4:15 | Crear | Villager (Male) |
| 5:04 | Crear | Villager (Male) |
| 5:04 | Crear | Villager (Male) |
| 5:46 | Crear | Villager (Male) |
| 6:02 | Crear | Villager (Male) |
| 6:18 | Crear | Villager (Male) |
| 6:18 | Crear | Villager (Male) |
| 6:18 | Crear | Villager (Male) |
| 8:05 | Crear | Villager (Male) |
| 8:05 | Crear | Villager (Male) |
| 8:28 | Construir | Mill |
| 8:30 | Crear | Villager (Male) |
| 8:54 | Investigar | Feudal Age |
| 9:12 | Crear | Villager (Male) |
| 9:31 | Construir | Lumber Camp |
| 9:54 | Construir | Barracks |
| 10:10 | Construir | Palisade Wall |
| 10:12 | Crear | Villager (Male) |
| 10:28 | Construir | Palisade Wall |
| 10:33 | Construir | Palisade Wall |
| 10:51 | Construir | House |
| 11:11 | Construir | Stable |
| 11:16 | Investigar | Double-Bit Axe |
| 11:22 | Investigar | Horse Collar |
| 11:28 | Construir | Farm |
| 11:31 | Construir | Farm |
| 11:33 | Construir | Farm |
| 11:34 | Construir | Farm |
| 11:34 | Construir | Farm |
| 11:34 | Construir | Farm |
| 11:34 | Construir | Farm |
| 11:35 | Construir | Farm |
| 11:47 | Crear | Villager (Male) |
| 11:48 | Crear | Scout Cavalry |
| 11:49 | Crear | Scout Cavalry |
| 12:08 | Construir | Farm |
| 12:13 | Construir | Farm |
| 12:16 | Construir | Farm |
| 12:25 | Construir | House |
| 12:35 | Construir | Farm |
| 13:02 | Crear | Villager (Male) |
| 13:02 | Crear | Villager (Male) |
| 13:12 | Construir | House |
| 13:15 | Construir | Farm |
| 13:16 | Construir | Farm |
| 13:20 | Construir | Farm |
| 13:21 | Construir | Farm |
| 13:25 | Construir | Farm |
| 13:25 | Crear | Villager (Male) |
| 13:29 | Construir | Farm |
| 13:31 | Construir | Farm |
| 13:32 | Crear | Villager (Male) |
| 13:54 | Crear | Villager (Male) |
| 13:54 | Crear | Villager (Male) |
| 13:59 | Construir | Farm |
| 14:10 | Construir | Farm |
| 14:13 | Crear | Spearman |
| 14:26 | Construir | Farm |
| 14:29 | Crear | Scout Cavalry |
| 14:49 | Crear | Villager (Male) |
| 14:50 | Crear | Scout Cavalry |
| 15:00 | Construir | Farm |
| 15:46 | Crear | Villager (Male) |
| 15:50 | Construir | House |
| 16:00 | Construir | Watch Tower |
| 16:14 | Crear | Scout Cavalry |
| 16:14 | Crear | Scout Cavalry |
| 16:15 | Crear | Scout Cavalry |
| 16:24 | Crear | Scout Cavalry |
| 16:33 | Crear | Scout Cavalry |
| 16:52 | Crear | Scout Cavalry |
| 16:55 | Crear | Villager (Male) |
| 16:57 | Crear | Villager (Male) |
| 17:07 | Crear | Scout Cavalry |
| 17:16 | Construir | Stable |
| 17:19 | Crear | Villager (Male) |
| 17:25 | Construir | Blacksmith |
| 17:26 | Crear | Villager (Male) |
| 17:35 | Crear | Scout Cavalry |
| 17:48 | Crear | Villager (Male) |
| 17:49 | Crear | Scout Cavalry |
| 17:54 | Construir | Farm |
| 17:54 | Construir | Farm |
| 17:55 | Crear | Scout Cavalry |
| 18:07 | Investigar | Scale Barding Armor |
| 18:08 | Crear | Villager (Male) |
| 18:12 | Crear | Spearman |
| 18:15 | Crear | Villager (Male) |
| 18:18 | Construir | Farm |
| 18:20 | Construir | Farm |
| 18:38 | Construir | House |
| 18:39 | Construir | House |
| 19:00 | Crear | Villager (Male) |
| 19:02 | Crear | Scout Cavalry |
| 19:07 | Investigar | Forging |
| 19:48 | Crear | Villager (Male) |
| 19:48 | Crear | Villager (Male) |
| 19:52 | Construir | House |
| 19:54 | Construir | Farm |
| 19:56 | Crear | Scout Cavalry |
| 19:56 | Crear | Scout Cavalry |
| 20:07 | Crear | Scout Cavalry |
| 20:12 | Crear | Villager (Male) |
| 20:31 | Construir | Farm |
| 20:33 | Construir | Farm |
| 20:45 | Crear | Villager (Male) |
| 20:46 | Crear | Scout Cavalry |
| 20:48 | Construir | Farm |
| 20:52 | Crear | Villager (Male) |
| 21:09 | Crear | Villager (Male) |
| 21:27 | Investigar | Castle Age |
| 21:43 | Construir | Stable |
| 21:47 | Construir | Palisade Wall |
| 21:53 | Construir | Palisade Wall |
| 21:57 | Construir | Palisade Wall |
| 22:09 | Investigar | Bloodlines |
| 22:32 | Construir | House |
| 22:40 | Construir | Gate |
| 22:53 | Crear | Scout Cavalry |
| 22:54 | Crear | Scout Cavalry |
| 23:13 | Crear | Scout Cavalry |
| 23:13 | Crear | Scout Cavalry |
| 23:37 | Crear | Scout Cavalry |
| 23:51 | Crear | Scout Cavalry |
| 23:55 | Construir | House |
| 24:16 | Investigar | Chain Barding Armor |
| 24:20 | Investigar | Light Cavalry (upgrade) |
| 24:21 | Investigar | Husbandry |
| 24:38 | Crear | Knight |
| 24:38 | Crear | Knight |
| 24:51 | Crear | Villager (Male) |
| 24:55 | Crear | Villager (Male) |
| 25:01 | Construir | Mining Camp |
| 25:02 | Crear | Villager (Male) |
| 25:33 | Crear | Scout Cavalry |
| 25:33 | Crear | Scout Cavalry |
| 26:03 | Crear | Knight |
| 26:08 | Crear | Villager (Male) |
Build order — Spank~
Primeras 150 de 356 acciones detectadas
| 0:03 | Crear | Villager (Male) ×4 |
| 0:05 | Construir | House |
| 0:08 | Construir | House |
| 1:14 | Crear | Villager (Male) |
| 1:33 | Crear | Villager (Male) |
| 2:08 | Crear | Villager (Male) |
| 2:19 | Construir | Lumber Camp |
| 2:34 | Crear | Villager (Male) |
| 3:16 | Construir | House |
| 3:23 | Crear | Villager (Male) |
| 3:45 | Crear | Villager (Male) |
| 4:03 | Crear | Villager (Male) |
| 4:03 | Crear | Villager (Male) |
| 4:11 | Crear | Villager (Male) |
| 4:11 | Crear | Villager (Male) |
| 5:04 | Crear | Villager (Male) |
| 5:10 | Construir | Mining Camp |
| 5:13 | Crear | Villager (Male) |
| 5:45 | Construir | Palisade Wall |
| 6:05 | Construir | Palisade Wall |
| 6:13 | Crear | Villager (Male) |
| 6:33 | Investigar | Loom |
| 6:42 | Investigar | Feudal Age |
| 7:08 | Construir | Palisade Wall |
| 7:23 | Construir | House |
| 7:39 | Construir | Barracks |
| 7:57 | Construir | Palisade Wall |
| 7:58 | Construir | Palisade Wall |
| 8:30 | Crear | Villager (Male) |
| 9:01 | Construir | House |
| 9:18 | Edad | Edad Feudal |
| 9:22 | Construir | Archery Range |
| 9:41 | Construir | Blacksmith |
| 9:44 | Crear | Villager (Male) |
| 10:01 | Construir | House |
| 10:06 | Crear | Villager (Male) |
| 10:09 | Crear | Archer |
| 10:30 | Construir | Archery Range |
| 10:40 | Crear | Villager (Male) |
| 10:48 | Crear | Archer |
| 11:14 | Crear | Archer |
| 11:17 | Crear | Villager (Male) |
| 11:33 | Construir | Mill |
| 11:34 | Crear | Villager (Male) |
| 11:38 | Construir | House |
| 11:39 | Crear | Archer |
| 11:44 | Crear | Archer |
| 12:07 | Crear | Villager (Male) |
| 12:19 | Construir | Farm |
| 12:24 | Crear | Archer |
| 12:29 | Construir | Farm |
| 12:32 | Construir | Farm |
| 12:36 | Crear | Villager (Male) |
| 12:53 | Construir | House |
| 13:01 | Crear | Archer |
| 13:03 | Crear | Villager (Male) |
| 13:29 | Crear | Villager (Male) |
| 13:31 | Crear | Archer |
| 13:37 | Crear | Archer |
| 13:44 | Investigar | Fletching |
| 13:44 | Investigar | Fletching |
| 13:44 | Crear | Archer |
| 13:49 | Crear | Villager (Male) |
| 13:53 | Crear | Archer |
| 13:59 | Construir | House |
| 14:10 | Construir | Farm |
| 14:18 | Crear | Villager (Male) |
| 14:21 | Crear | Archer |
| 14:27 | Construir | House |
| 14:45 | Investigar | Double-Bit Axe |
| 14:45 | Investigar | Double-Bit Axe |
| 14:53 | Crear | Archer |
| 15:01 | Construir | Farm |
| 15:10 | Crear | Archer |
| 15:10 | Crear | Archer |
| 15:19 | Crear | Archer |
| 15:22 | Crear | Villager (Male) |
| 15:24 | Construir | Farm |
| 15:31 | Crear | Archer |
| 15:47 | Construir | Farm |
| 15:49 | Construir | Farm |
| 15:50 | Crear | Villager (Male) |
| 15:56 | Crear | Archer |
| 16:18 | Crear | Archer |
| 16:23 | Crear | Villager (Male) |
| 16:25 | Construir | Farm |
| 16:35 | Crear | Villager (Male) |
| 16:37 | Construir | Farm |
| 16:39 | Construir | House |
| 16:45 | Construir | Farm |
| 16:49 | Crear | Archer |
| 16:52 | Crear | Villager (Male) |
| 16:55 | Construir | Palisade Gate |
| 17:04 | Construir | Farm |
| 17:09 | Construir | House |
| 17:14 | Crear | Archer |
| 17:23 | Crear | Villager (Male) |
| 17:30 | Construir | House |
| 17:38 | Construir | House |
| 17:45 | Construir | House |
| 17:54 | Crear | Archer |
| 17:58 | Crear | Villager (Male) |
| 18:05 | Crear | Archer |
| 18:13 | Crear | Archer |
| 18:13 | Crear | Archer |
| 18:16 | Crear | Villager (Male) |
| 18:29 | Construir | House |
| 18:40 | Crear | Archer |
| 18:51 | Crear | Villager (Male) |
| 19:01 | Crear | Archer |
| 19:17 | Crear | Archer |
| 19:19 | Crear | Villager (Male) |
| 19:45 | Crear | Villager (Male) |
| 19:47 | Construir | Market |
| 19:56 | Crear | Archer |
| 19:56 | Crear | Archer |
| 20:21 | Crear | Villager (Male) |
| 20:22 | Crear | Villager (Male) |
| 20:28 | Crear | Archer |
| 20:29 | Crear | Archer |
| 20:42 | Construir | Lumber Camp |
| 20:44 | Crear | Archer |
| 20:49 | Construir | House |
| 20:59 | Crear | Archer |
| 22:06 | Investigar | Castle Age |
| 22:10 | Crear | Archer |
| 22:12 | Construir | Archery Range |
| 22:13 | Crear | Archer |
| 22:13 | Crear | Archer |
| 22:32 | Construir | Palisade Wall |
| 22:37 | Crear | Archer |
| 23:05 | Crear | Archer |
| 23:05 | Crear | Archer |
| 23:09 | Investigar | Gold Mining |
| 23:30 | Construir | House |
| 23:35 | Crear | Archer |
| 23:43 | Construir | Palisade Wall |
| 23:50 | Crear | Archer |
| 24:17 | Crear | Archer |
| 24:17 | Crear | Archer |
| 24:40 | Crear | Archer |
| 24:40 | Crear | Archer |
| 24:46 | Edad | Edad de los Castillos |
| 24:50 | Investigar | Crossbowman (upgrade) |
| 24:51 | Investigar | Bodkin Arrow |
| 24:56 | Crear | Archer |
| 24:57 | Crear | Archer |
| 24:59 | Crear | Villager (Male) |
| 25:22 | Construir | House |
| 25:25 | Construir | House |
Build order — DS_John III
Primeras 150 de 371 acciones detectadas
| 0:02 | Crear | Villager (Male) |
| 0:02 | Crear | Villager (Male) |
| 0:02 | Crear | Villager (Male) |
| 0:03 | Construir | House |
| 0:05 | Construir | House |
| 0:07 | Crear | Villager (Male) |
| 1:31 | Crear | Villager (Male) |
| 1:31 | Crear | Villager (Male) |
| 2:06 | Crear | Villager (Male) |
| 2:07 | Crear | Villager (Male) |
| 2:07 | Crear | Villager (Male) |
| 2:35 | Crear | Villager (Male) |
| 2:51 | Crear | Villager (Male) |
| 3:25 | Crear | Villager (Male) |
| 3:32 | Construir | Lumber Camp |
| 3:39 | Crear | Villager (Male) |
| 3:56 | Construir | House |
| 4:07 | Crear | Villager (Male) |
| 4:18 | Crear | Villager (Male) |
| 4:53 | Construir | House |
| 4:54 | Construir | House |
| 5:00 | Crear | Villager (Male) |
| 5:18 | Crear | Villager (Male) |
| 5:48 | Crear | Villager (Male) |
| 6:12 | Crear | Villager (Male) |
| 6:34 | Construir | Barracks |
| 6:37 | Crear | Villager (Male) |
| 6:59 | Crear | Villager (Male) |
| 7:27 | Crear | Villager (Male) |
| 7:31 | Construir | Mining Camp |
| 8:02 | Crear | Villager (Male) |
| 8:30 | Crear | Villager (Male) |
| 8:41 | Construir | Mill |
| 8:44 | Construir | House |
| 8:53 | Investigar | Loom |
| 9:07 | Construir | Palisade Wall |
| 9:08 | Construir | Palisade Wall |
| 9:09 | Construir | Palisade Wall |
| 9:24 | Investigar | Feudal Age |
| 9:25 | Investigar | Feudal Age |
| 9:51 | Construir | Farm |
| 9:54 | Construir | Farm |
| 10:00 | Construir | Palisade Wall |
| 10:01 | Construir | Palisade Wall |
| 10:02 | Construir | Palisade Wall |
| 10:03 | Construir | Palisade Wall |
| 10:19 | Construir | Farm |
| 11:13 | Crear | Villager (Male) |
| 11:34 | Edad | Edad Feudal |
| 11:37 | Construir | Blacksmith |
| 11:48 | Construir | Archery Range |
| 11:52 | Crear | Villager (Male) |
| 11:54 | Construir | Farm |
| 12:12 | Construir | Farm |
| 12:15 | Crear | Villager (Male) |
| 12:29 | Construir | Farm |
| 12:40 | Crear | Villager (Male) |
| 12:47 | Construir | Farm |
| 13:12 | Construir | Farm |
| 13:13 | Construir | Farm |
| 13:14 | Crear | Villager (Male) |
| 13:17 | Construir | Farm |
| 13:39 | Crear | Villager (Male) |
| 13:41 | Construir | Farm |
| 13:50 | Construir | Farm |
| 13:56 | Crear | Villager (Male) |
| 14:08 | Construir | Farm |
| 14:20 | Construir | Farm |
| 15:04 | Construir | Archery Range |
| 15:07 | Investigar | Castle Age |
| 15:07 | Investigar | Castle Age |
| 15:31 | Construir | Watch Tower |
| 16:44 | Investigar | Fletching |
| 16:45 | Investigar | Fletching |
| 17:21 | Crear | Villager (Male) |
| 17:25 | Investigar | Padded Archer Armor |
| 17:45 | Investigar | Double-Bit Axe |
| 17:47 | Edad | Edad de los Castillos |
| 17:50 | Investigar | Bodkin Arrow |
| 17:51 | Investigar | Bodkin Arrow |
| 17:53 | Crear | Unit 1952 |
| 17:54 | Crear | Unit 1952 |
| 17:56 | Crear | Villager (Male) |
| 18:11 | Crear | Villager (Male) |
| 18:19 | Crear | Unit 1952 |
| 18:20 | Crear | Unit 1952 |
| 18:25 | Crear | Villager (Male) |
| 18:53 | Crear | Unit 1952 |
| 18:53 | Crear | Unit 1952 |
| 19:15 | Crear | Unit 1952 |
| 19:15 | Crear | Unit 1952 |
| 19:19 | Crear | Villager (Male) |
| 19:54 | Crear | Villager (Male) |
| 20:07 | Crear | Unit 1952 |
| 20:08 | Crear | Unit 1952 |
| 20:08 | Crear | Unit 1952 |
| 20:10 | Crear | Villager (Male) |
| 20:13 | Crear | Unit 1952 |
| 20:13 | Crear | Unit 1952 |
| 20:16 | Crear | Villager (Male) |
| 20:50 | Investigar | Bow Saw |
| 20:50 | Investigar | Bow Saw |
| 20:52 | Crear | Villager (Male) |
| 21:04 | Investigar | Horse Collar |
| 21:04 | Investigar | Horse Collar |
| 21:17 | Crear | Villager (Male) |
| 21:26 | Crear | Unit 1952 |
| 21:36 | Crear | Villager (Male) |
| 21:51 | Crear | Unit 1952 |
| 21:51 | Crear | Unit 1952 |
| 22:04 | Crear | Villager (Male) |
| 22:08 | Crear | Unit 1952 |
| 22:08 | Crear | Unit 1952 |
| 22:16 | Crear | Unit 1952 |
| 22:38 | Crear | Villager (Male) |
| 23:11 | Construir | University |
| 23:14 | Crear | Villager (Male) |
| 23:18 | Crear | Villager (Male) |
| 23:20 | Construir | House |
| 23:20 | Construir | House |
| 23:24 | Crear | Unit 1952 |
| 23:24 | Crear | Unit 1952 |
| 23:48 | Crear | Villager (Male) |
| 23:52 | Construir | Town Center |
| 24:07 | Crear | Villager (Male) |
| 24:23 | Crear | Villager (Male) |
| 24:36 | Investigar | Ballistics |
| 24:36 | Investigar | Ballistics |
| 25:00 | Crear | Villager (Male) |
| 25:24 | Crear | Unit 1952 |
| 25:24 | Crear | Unit 1952 |
| 25:28 | Crear | Villager (Male) |
| 25:37 | Crear | Unit 1952 |
| 25:37 | Crear | Unit 1952 |
| 25:37 | Crear | Unit 1952 |
| 25:46 | Crear | Villager (Male) |
| 25:49 | Construir | Archery Range |
| 26:03 | Crear | Unit 1952 |
| 26:03 | Crear | Unit 1952 |
| 26:04 | Crear | Unit 1952 |
| 26:21 | Crear | Villager (Male) |
| 26:35 | Construir | Farm |
| 26:36 | Construir | Farm |
| 26:37 | Construir | Farm |
| 26:38 | Construir | Farm |
| 26:40 | Construir | Farm |
| 26:42 | Construir | Farm |
| 26:44 | Construir | Farm |
| 26:55 | Construir | House |
| 26:56 | Construir | House |
Build order — Wuyen
Primeras 150 de 326 acciones detectadas
| 0:04 | Construir | House |
| 0:09 | Construir | House |
| 0:16 | Crear | Villager (Male) ×4 |
| 0:17 | Crear | Villager (Male) ×4 |
| 1:47 | Crear | Villager (Male) |
| 2:13 | Crear | Villager (Male) |
| 2:13 | Crear | Villager (Male) |
| 2:44 | Crear | Villager (Male) |
| 2:44 | Crear | Villager (Male) |
| 3:23 | Crear | Villager (Male) |
| 3:23 | Crear | Villager (Male) |
| 3:40 | Construir | House |
| 3:50 | Crear | Villager (Male) |
| 3:50 | Crear | Villager (Male) |
| 3:59 | Construir | House |
| 4:54 | Construir | Lumber Camp |
| 4:57 | Crear | Villager (Male) |
| 5:12 | Crear | Villager (Male) |
| 5:12 | Crear | Villager (Male) |
| 5:25 | Construir | Lumber Camp |
| 5:40 | Crear | Villager (Male) |
| 5:54 | Crear | Villager (Male) |
| 6:26 | Crear | Villager (Male) |
| 6:51 | Crear | Villager (Male) |
| 7:15 | Construir | House |
| 7:18 | Construir | Palisade Wall |
| 7:22 | Construir | Palisade Wall |
| 7:25 | Construir | Palisade Gate |
| 7:36 | Crear | Villager (Male) |
| 7:48 | Construir | Mill |
| 8:03 | Investigar | Loom |
| 9:04 | Investigar | Feudal Age |
| 9:19 | Construir | Mining Camp |
| 10:13 | Construir | Farm |
| 10:15 | Construir | Farm |
| 10:17 | Construir | Farm |
| 10:22 | Edad | Edad Feudal |
| 10:22 | Construir | Farm |
| 10:24 | Crear | Villager (Male) |
| 10:25 | Crear | Villager (Male) |
| 10:39 | Construir | Farm |
| 11:09 | Crear | Villager (Male) |
| 11:23 | Construir | Watch Tower |
| 11:39 | Crear | Villager (Male) |
| 11:40 | Crear | Villager (Male) |
| 11:57 | Construir | Barracks |
| 12:37 | Crear | Villager (Male) |
| 12:47 | Construir | Archery Range |
| 13:03 | Crear | Villager (Male) |
| 13:04 | Crear | Villager (Male) |
| 13:27 | Construir | Mining Camp |
| 13:39 | Construir | House |
| 13:51 | Construir | Farm |
| 13:55 | Construir | Farm |
| 14:04 | Investigar | Double-Bit Axe |
| 14:09 | Construir | Farm |
| 14:19 | Crear | Villager (Male) |
| 14:26 | Investigar | Horse Collar |
| 14:29 | Crear | Villager (Male) |
| 14:33 | Construir | House |
| 14:53 | Construir | House |
| 14:58 | Crear | Spearman |
| 15:03 | Crear | Villager (Male) |
| 15:08 | Construir | Farm |
| 15:20 | Construir | Watch Tower |
| 15:23 | Crear | Villager (Male) |
| 15:29 | Construir | House |
| 15:30 | Construir | House |
| 15:42 | Construir | Farm |
| 15:49 | Construir | Farm |
| 15:52 | Construir | Farm |
| 15:57 | Crear | Villager (Male) |
| 16:04 | Construir | Farm |
| 16:11 | Crear | Villager (Male) |
| 16:28 | Construir | Farm |
| 16:41 | Crear | Villager (Male) |
| 16:47 | Construir | Farm |
| 16:53 | Construir | Farm |
| 17:15 | Crear | Villager (Male) |
| 17:16 | Crear | Villager (Male) |
| 17:22 | Construir | Watch Tower |
| 17:42 | Investigar | Wheelbarrow |
| 17:52 | Crear | Villager (Male) |
| 18:15 | Construir | Farm |
| 18:16 | Construir | Farm |
| 18:22 | Construir | House |
| 18:27 | Construir | House |
| 18:29 | Construir | House |
| 18:44 | Construir | Lumber Camp |
| 19:04 | Construir | House |
| 19:14 | Crear | Villager (Male) |
| 19:20 | Construir | House |
| 19:22 | Construir | House |
| 19:37 | Construir | Blacksmith |
| 20:24 | Investigar | Castle Age |
| 20:24 | Investigar | Castle Age |
| 20:33 | Construir | House |
| 20:36 | Construir | House |
| 21:02 | Investigar | Gold Mining |
| 21:11 | Construir | House |
| 21:18 | Construir | Farm |
| 21:38 | Crear | Villager (Male) |
| 21:44 | Construir | House |
| 21:57 | Construir | Farm |
| 22:00 | Edad | Edad de los Castillos |
| 22:05 | Construir | Castle |
| 22:09 | Crear | Villager (Male) |
| 22:10 | Investigar | Bow Saw |
| 22:47 | Construir | Town Center |
| 23:13 | Construir | Farm |
| 23:18 | Crear | Villager (Male) |
| 23:19 | Crear | Villager (Male) |
| 23:31 | Crear | Karambit Warrior |
| 23:31 | Crear | Karambit Warrior |
| 23:35 | Crear | Karambit Warrior |
| 23:47 | Crear | Karambit Warrior |
| 23:54 | Crear | Villager (Male) |
| 23:58 | Crear | Karambit Warrior |
| 23:58 | Crear | Karambit Warrior |
| 24:01 | Crear | Villager (Male) |
| 24:02 | Crear | Villager (Male) |
| 24:02 | Crear | Villager (Male) |
| 24:03 | Crear | Villager (Male) |
| 24:10 | Construir | Town Center |
| 24:27 | Crear | Karambit Warrior |
| 24:27 | Crear | Karambit Warrior |
| 24:35 | Investigar | Squires |
| 24:36 | Investigar | Arson |
| 24:36 | Investigar | Arson |
| 24:39 | Crear | Villager (Male) |
| 24:47 | Construir | Farm |
| 24:49 | Construir | Farm |
| 24:51 | Construir | Farm |
| 24:52 | Construir | Farm |
| 24:55 | Crear | Villager (Male) |
| 25:05 | Crear | Villager (Male) |
| 25:05 | Crear | Villager (Male) |
| 25:29 | Crear | Karambit Warrior |
| 25:30 | Crear | Karambit Warrior |
| 25:30 | Crear | Karambit Warrior |
| 25:34 | Crear | Villager (Male) |
| 25:39 | Construir | Farm |
| 25:42 | Construir | Farm |
| 25:45 | Crear | Villager (Male) |
| 25:45 | Crear | Villager (Male) |
| 25:49 | Crear | Karambit Warrior |
| 25:50 | Crear | Karambit Warrior |
| 26:05 | Crear | Karambit Warrior |
| 26:19 | Construir | Siege Workshop |
| 26:31 | Crear | Villager (Male) |
Build order — CR | Redmus
Primeras 150 de 418 acciones detectadas
| 0:03 | Crear | Villager (Male) |
| 0:03 | Crear | Villager (Male) |
| 0:04 | Crear | Villager (Male) |
| 0:04 | Crear | Villager (Male) |
| 0:05 | Construir | House |
| 0:07 | Construir | House |
| 1:33 | Crear | Villager (Male) |
| 1:54 | Crear | Villager (Male) |
| 1:57 | Construir | Lumber Camp |
| 2:14 | Crear | Villager (Male) |
| 2:51 | Crear | Villager (Male) |
| 2:51 | Crear | Villager (Male) |
| 3:16 | Crear | Villager (Male) |
| 3:16 | Crear | Villager (Male) |
| 3:21 | Crear | Villager (Male) |
| 3:22 | Crear | Villager (Male) |
| 3:38 | Crear | Villager (Male) |
| 3:52 | Construir | House |
| 4:34 | Crear | Villager (Male) |
| 5:10 | Crear | Villager (Male) |
| 5:10 | Crear | Villager (Male) |
| 5:13 | Crear | Villager (Male) |
| 5:18 | Investigar | Loom |
| 5:38 | Construir | Mill |
| 6:20 | Investigar | Feudal Age |
| 6:52 | Construir | House |
| 7:35 | Construir | Barracks |
| 7:53 | Crear | Villager (Male) |
| 8:17 | Crear | Villager (Male) |
| 8:35 | Edad | Edad Feudal |
| 8:38 | Construir | Stable |
| 8:41 | Investigar | Double-Bit Axe |
| 8:42 | Investigar | Double-Bit Axe |
| 9:07 | Crear | Villager (Male) |
| 9:09 | Investigar | Horse Collar |
| 9:33 | Crear | Villager (Male) |
| 9:37 | Construir | Farm |
| 9:54 | Construir | Farm |
| 9:55 | Crear | Scout Cavalry |
| 10:04 | Construir | Farm |
| 10:10 | Crear | Villager (Male) |
| 10:14 | Construir | Farm |
| 10:30 | Crear | Scout Cavalry |
| 10:35 | Construir | Farm |
| 10:48 | Construir | Farm |
| 10:52 | Crear | Villager (Male) |
| 10:52 | Crear | Villager (Male) |
| 11:20 | Construir | Farm |
| 11:21 | Crear | Villager (Male) |
| 11:29 | Construir | Farm |
| 11:30 | Crear | Scout Cavalry |
| 11:40 | Crear | Villager (Male) |
| 11:41 | Crear | Villager (Male) |
| 11:43 | Construir | Palisade Wall |
| 11:44 | Construir | Palisade Wall |
| 11:46 | Construir | Palisade Wall |
| 11:46 | Construir | Palisade Wall |
| 11:52 | Construir | House |
| 11:56 | Crear | Villager (Male) |
| 12:02 | Construir | Farm |
| 12:16 | Crear | Scout Cavalry |
| 12:23 | Construir | Farm |
| 12:43 | Construir | Farm |
| 12:44 | Crear | Villager (Male) |
| 12:45 | Crear | Villager (Male) |
| 12:59 | Crear | Villager (Male) |
| 13:00 | Crear | Scout Cavalry |
| 13:19 | Crear | Villager (Male) |
| 13:36 | Construir | Farm |
| 13:37 | Construir | Farm |
| 13:42 | Construir | Farm |
| 13:45 | Crear | Scout Cavalry |
| 13:52 | Construir | Farm |
| 13:59 | Construir | Farm |
| 14:02 | Crear | Scout Cavalry |
| 14:06 | Crear | Villager (Male) |
| 14:12 | Construir | Farm |
| 14:16 | Crear | Scout Cavalry |
| 14:33 | Construir | Blacksmith |
| 14:36 | Crear | Villager (Male) |
| 14:56 | Construir | Farm |
| 14:59 | Crear | Scout Cavalry |
| 15:01 | Construir | House |
| 15:05 | Crear | Villager (Male) |
| 15:24 | Crear | Scout Cavalry |
| 15:26 | Crear | Villager (Male) |
| 15:48 | Crear | Scout Cavalry |
| 15:56 | Crear | Villager (Male) |
| 16:19 | Crear | Scout Cavalry |
| 16:19 | Crear | Villager (Male) |
| 16:25 | Construir | Farm |
| 16:36 | Construir | Farm |
| 16:37 | Construir | Farm |
| 16:45 | Investigar | Scale Barding Armor |
| 16:48 | Construir | Farm |
| 16:52 | Crear | Villager (Male) |
| 17:04 | Construir | House |
| 17:08 | Construir | Farm |
| 17:09 | Construir | Farm |
| 17:13 | Crear | Scout Cavalry |
| 17:23 | Crear | Villager (Male) |
| 17:26 | Construir | Farm |
| 17:31 | Crear | Scout Cavalry |
| 17:44 | Crear | Villager (Male) |
| 17:47 | Crear | Scout Cavalry |
| 17:53 | Construir | Farm |
| 17:56 | Crear | Scout Cavalry |
| 18:07 | Construir | Farm |
| 18:11 | Crear | Villager (Male) |
| 18:25 | Investigar | Forging |
| 18:30 | Construir | House |
| 18:33 | Crear | Villager (Male) |
| 18:41 | Construir | Farm |
| 18:45 | Construir | Farm |
| 19:01 | Crear | Scout Cavalry |
| 19:01 | Crear | Villager (Male) |
| 19:14 | Construir | House |
| 19:17 | Investigar | Bloodlines |
| 19:24 | Crear | Scout Cavalry |
| 19:25 | Crear | Villager (Male) |
| 19:45 | Crear | Scout Cavalry |
| 19:47 | Crear | Scout Cavalry |
| 19:53 | Crear | Villager (Male) |
| 20:17 | Investigar | Castle Age |
| 20:18 | Investigar | Castle Age |
| 20:23 | Construir | Stable |
| 20:27 | Construir | Mining Camp |
| 20:31 | Construir | Palisade Wall |
| 20:33 | Construir | Palisade Wall |
| 20:34 | Construir | Palisade Wall |
| 20:45 | Crear | Scout Cavalry |
| 21:08 | Investigar | Bloodlines |
| 21:09 | Investigar | Bloodlines |
| 21:15 | Construir | Palisade Gate |
| 21:25 | Crear | Scout Cavalry |
| 21:51 | Crear | Scout Cavalry |
| 21:51 | Crear | Scout Cavalry |
| 22:13 | Crear | Scout Cavalry |
| 22:42 | Crear | Villager (Male) |
| 22:57 | Edad | Edad de los Castillos |
| 23:04 | Construir | Town Center |
| 23:15 | Crear | Knight |
| 23:15 | Crear | Knight |
| 23:15 | Crear | Villager (Male) |
| 23:23 | Investigar | Bow Saw |
| 23:23 | Investigar | Bow Saw |
| 23:26 | Investigar | Wheelbarrow |
| 23:26 | Investigar | Wheelbarrow |
| 23:29 | Crear | Knight |
| 23:35 | Crear | Villager (Male) |
Cronología de la partida
| 5:45 | Spank~ · wall_segment Palisade Wall x1 |
| 6:05 | Spank~ · wall_segment Palisade Wall x1 |
| 6:34 | DS_John III · first_building Barracks |
| 7:08 | Spank~ · wall_segment Palisade Wall x3 |
| 7:18 | Wuyen · wall_segment Palisade Wall x3 |
| 7:21 | CR | Harahgon · first_building Barracks |
| 7:22 | Wuyen · wall_segment Palisade Wall x4 |
| 7:24 | CR | Harahgon · wall_segment Palisade Wall x1 |
| 7:31 | jonas. · first_building Barracks |
| 7:35 | CR | Redmus · first_building Barracks |
| 7:39 | Spank~ · first_building Barracks |
| 7:57 | Spank~ · wall_segment Palisade Wall x5 |
| 7:58 | Spank~ · wall_segment Palisade Wall x5 |
| 8:19 | jonas. · wall_segment Palisade Wall x1 |
| 8:20 | jonas. · wall_segment Palisade Wall x1 |
| 8:26 | jonas. · wall_segment Palisade Wall x1 |
| 8:27 | jonas. · wall_segment Palisade Wall x1 |
| 8:29 | CR | Harahgon · age_up feudal |
| 8:35 | CR | Redmus · age_up feudal |
| 8:38 | CR | Redmus · first_building Stable |
| 8:42 | CR | Harahgon · first_building Stable |
| 9:07 | DS_John III · wall_segment Palisade Wall x1 |
| 9:08 | DS_John III · wall_segment Palisade Wall x1 |
| 9:09 | DS_John III · wall_segment Palisade Wall x1 |
| 9:13 | jonas. · age_up feudal |
| 9:15 | jonas. · first_building Archery Range |
| 9:18 | Malamadre · first_building Barracks |
| 9:18 | Spank~ · age_up feudal |
| 9:22 | Spank~ · first_building Archery Range |
| 9:27 | Malamadre · wall_segment Palisade Wall x2 |
| 9:42 | Malamadre · wall_segment Palisade Wall x8 |
| 9:47 | Malamadre · wall_segment Palisade Wall x5 |
| 9:51 | Malamadre · wall_segment Palisade Wall x6 |
| 9:54 | virttuallG · first_building Barracks |
| 9:54 | Malamadre · wall_segment Palisade Wall x7 |
| 9:59 | Malamadre · age_up feudal |
| 10:00 | DS_John III · wall_segment Palisade Wall x1 |
| 10:01 | DS_John III · wall_segment Palisade Wall x1 |
| 10:02 | DS_John III · wall_segment Palisade Wall x1 |
| 10:03 | DS_John III · wall_segment Palisade Wall x1 |
| 10:10 | virttuallG · wall_segment Palisade Wall x8 |
| 10:18 | Malamadre · first_building Archery Range |
| 10:22 | Wuyen · age_up feudal |
| 10:28 | virttuallG · wall_segment Palisade Wall x3 |
| 10:33 | virttuallG · wall_segment Palisade Wall x8 |
| 10:36 | CR | Harahgon · wall_segment Palisade Wall x1 |
| 10:38 | CR | Harahgon · wall_segment Palisade Wall x3 |
| 11:11 | virttuallG · first_building Stable |
| 11:21 | CR | Harahgon · wall_segment Palisade Wall x9 |
| 11:34 | DS_John III · age_up feudal |
| 11:37 | Malamadre · wall_segment Palisade Wall x3 |
| 11:43 | Malamadre · wall_segment Palisade Wall x1 |
| 11:43 | CR | Redmus · wall_segment Palisade Wall x1 |
| 11:44 | CR | Redmus · wall_segment Palisade Wall x3 |
| 11:46 | CR | Redmus · wall_segment Palisade Wall x1 |
| 11:46 | CR | Redmus · wall_segment Palisade Wall x1 |
| 11:48 | DS_John III · first_building Archery Range |
| 11:57 | Wuyen · first_building Barracks |
| 12:47 | Wuyen · first_building Archery Range |
| 16:09 | CR | Harahgon · wall_segment Palisade Wall x3 |
| 16:11 | CR | Harahgon · wall_segment Palisade Wall x6 |
| 16:12 | CR | Harahgon · wall_segment Palisade Wall x1 |
| 17:47 | DS_John III · age_up castle |
| 18:20 | Malamadre · first_market_buy 500 food |
| 19:03 | jonas. · first_market_buy 100 food |
| 19:52 | CR | Harahgon · age_up castle |
| 20:31 | CR | Redmus · wall_segment Palisade Wall x1 |
| 20:33 | CR | Redmus · wall_segment Palisade Wall x1 |
| 20:34 | CR | Redmus · wall_segment Palisade Wall x1 |
| 21:47 | virttuallG · wall_segment Palisade Wall x4 |
| 21:53 | virttuallG · wall_segment Palisade Wall x5 |
| 21:57 | virttuallG · wall_segment Palisade Wall x8 |
| 22:00 | Wuyen · age_up castle |
| 22:04 | Malamadre · age_up castle |
| 22:05 | Wuyen · first_building Castle |
| 22:13 | jonas. · age_up castle |
| 22:17 | jonas. · first_building Castle |
| 22:32 | Spank~ · wall_segment Palisade Wall x5 |
| 22:57 | CR | Redmus · age_up castle |
| 22:58 | Malamadre · first_market_sell 100 wood |
| 23:43 | Spank~ · wall_segment Palisade Wall x7 |
| 24:46 | Spank~ · age_up castle |
| 25:27 | Malamadre · first_building Castle |
| 26:08 | jonas. · first_building Monastery |
| 26:19 | Wuyen · first_building Siege Workshop |
| 26:49 | CR | Harahgon · wall_segment Palisade Wall x1 |
| 26:50 | CR | Harahgon · wall_segment Palisade Wall x1 |
| 28:52 | jonas. · first_building Siege Workshop |
| 29:13 | DS_John III · first_building Stable |
| 29:57 | virttuallG · wall_segment Palisade Wall x1 |
| 29:58 | virttuallG · wall_segment Palisade Wall x1 |
| 30:26 | virttuallG · wall_segment Palisade Wall x1 |
| 30:38 | virttuallG · wall_segment Palisade Wall x1 |
| 31:19 | CR | Harahgon · first_market_sell 100 wood |
| 31:20 | CR | Harahgon · first_market_buy 100 stone |
| 32:25 | CR | Redmus · first_building Monastery |
| 35:28 | DS_John III · first_building Monastery |
| 35:36 | Spank~ · first_building Siege Workshop |
| 35:48 | jonas. · age_up imperial |
| 36:09 | CR | Redmus · age_up imperial |
| 36:27 | Spank~ · first_market_buy 100 stone |
| 36:33 | Spank~ · first_building Castle |
| 37:11 | CR | Harahgon · first_building Monastery |
| 37:14 | Wuyen · wall_segment Stone Wall x3 |
| 37:17 | Wuyen · wall_segment Stone Wall x4 |
| 37:43 | jonas. · first_market_sell 100 wood |
| 38:13 | CR | Redmus · first_building Castle |
| 38:16 | Wuyen · age_up imperial |
| 38:50 | DS_John III · first_market_sell 100 wood |
| 39:09 | DS_John III · first_building Siege Workshop |
| 39:18 | CR | Harahgon · first_building Castle |
| 39:56 | DS_John III · age_up imperial |
| 40:06 | Spank~ · resign |
[ ANÁLISIS IA · 1 CRÉDITO ]
¿Qué pasó realmente en esta partida?
Wolo.gg analiza cada decisión: build order, eco, micro, errores típicos por bracket. Análisis personalizado por WhatsApp o Discord en 30 segundos.
Guía civ
Armenios
Perfil
Jugador #44472